 Dungeon Crawl Stone Soup version 0.31-a0-152-g6aa68a64a1 (webtiles) character file.

Game seed: 2034715282349097260

15714 Elmgren the Fighter (level 12, -2/113 HPs)
             Began as a Minotaur Fighter on June 10, 2023.
             Was a High Priest of Okawaru.
             Killed from afar by a gargoyle (24 damage)
             ... with a stone arrow
             ... on level 12 of the Dungeon.
             The game lasted 00:28:05 (12897 turns).

Elmgren the Fighter (Minotaur Fighter)             Turns: 12897, Time: 00:28:06

Health: -2/113     AC: 19    Str: 31    XL:     12   Next: 3%
Magic:  17/20      EV:  9    Int:  5    God:    Okawaru [*****.]
Gold:   685        SH:  7    Dex: 15    Spells: 11/11 levels left

rFire   + . .        F - +7 falchion of Rubbish {freeze, rPois MP+9 Dex+4}
rCold   . . .        c - +0 buckler
rNeg    . . .        l - +0 chain mail
rPois   +            (helmet restricted)
rElec   .            r - +1 cloak
rCorr   .            b - +1 pair of gloves
SInv    .            j - +0 pair of boots
Will    .....        (no amulet) Stlth
                     k - ring of protection from fire
HPRegen 0.38/turn    m - +6 ring of strength
MPRegen 0.17/turn

%: no passive effects
@: no status effects
A: horns 2, retaliatory headbutt
a: Renounce Religion, Heroism, Finesse, Duel


You were on level 12 of the Dungeon.
You worshipped Okawaru.
Okawaru was extremely pleased with you.
You visited 2 branches of the dungeon, and saw 12 of its levels.

You collected 685 gold pieces.

Inventory:

Hand Weapons
 a - a +2 flail
 F - the +7 falchion of Rubbish (weapon) {freeze, rPois MP+9 Dex+4}
   (Okawaru gifted it to you on level 12 of the Dungeon)

   Dex:       It affects your dexterity (+4).
   rPois:     It protects you from poison.
   MP:        It affects your magic capacity (+9).
Armour
 b - a +1 pair of gloves (worn)
 c - a +0 buckler (worn)
 j - a +0 pair of boots (worn)
 l - a +0 chain mail (worn)
 r - a +1 cloak (worn)
Jewellery
 k - a ring of protection from fire (left hand)
 m - a +6 ring of strength (right hand)
 u - a +6 ring of intelligence
 B - an amulet of magic regeneration
Wands
 n - a wand of paralysis (7)
 t - a wand of polymorph (9)
 w - a wand of light (4)
 x - a wand of mindburst (21)
 y - a wand of flame (6)
 A - a wand of digging (8)
Scrolls
 e - 3 scrolls of noise
 g - 6 scrolls of teleportation
 o - a scroll of fear
 z - a scroll of fog {unknown}
 C - a scroll of enchant weapon
 D - a scroll of summoning {unknown}
 E - a scroll of identify
Potions
 d - a potion of might
 f - a potion of lignification
 h - 5 potions of curing
 i - 3 potions of attraction
 p - a potion of haste
 q - 3 potions of mutation
 s - 9 potions of ambrosia
 v - 2 potions of magic


   Skills:
 + Level 12.3 Fighting
 * Level 3.2 Long Blades
 - Level 11.7 Maces & Flails
 + Level 12.3 Armour
 + Level 12.3 Shields


You had 11 spell levels left.
You didn't know any spells.
Your spell library contained the following spells:

 Spells                   Type           Power      Damage    Failure   Level
 Slow                     Hex            0%         N/A       86%         1
 Cigotuvi's Dreadful Rot  Necr/Pois/Air  0%         N/A       95%         2
 Lesser Beckoning         Tloc           0%         N/A       95%         2
 Static Discharge         Conj/Air       0%         2-2/arc   95%         2
 Confusing Touch          Hex            0%         N/A       99%         3
 Gell's Gravitas          Tloc           0%         N/A       99%         3
 Teleport Other           Tloc           0%         N/A       99%         3
 Vampiric Draining        Necr           0%         2d6       99%         3
 Volatile Blastmotes      Fire/Tloc      0%         2d10      99%         3
 Airstrike                Air            0%         2d(0-16)  100%        4
 Dispel Undead            Necr           0%         3d6       100%        4
 Fulminant Prism          Conj/Hex       0%         3d5       100%        4
 Iskenderun's Mystic Bla  Conj/Tloc      0%         2d3       100%        4
 Blade Hands              Tmut           0%         N/A       100%        5
 Lee's Rapid Deconstruct  Erth           0%         3d4*      100%        5
 Summon Small Mammal      Summ           Unusable   N/A       N/A         1
 Call Canine Familiar     Summ           Unusable   N/A       N/A         3
 Summon Guardian Golem    Hex/Summ       Unusable   N/A       N/A         3
 Animate Armour           Summ/Erth      Unusable   N/A       N/A         4
 Summon Lightning Spire   Summ/Air       Unusable   N/A       N/A         4
 Death Channel            Necr           Unusable   N/A       N/A         6

Dungeon Overview and Level Annotations

Branches:
Dungeon (12/15)            Temple (1/1) D:4             Orc (0/2) D:10
   Lair: D:8-11

Altars:
Cheibriados
Dithmenos
Fedhas
Gozag
Kikubaaqudgha
Makhleb
Nemelex Xobeh
Okawaru
Qazlal
Sif Muna
Trog
Vehumet
Yredelemnul
The Shining One

Shops:
D:5 [

Annotations:
D:4 1 runed translucent door, Crazy Yiuf


Innate Abilities, Weirdness & Mutations

You have a pair of horns on your head.
You reflexively headbutt those who attack you in melee.


Message History

You headbutt the cyclops, but do no damage.
The cyclops is moderately wounded.
The cyclops hits you!
You hit the cyclops. You freeze the cyclops.
The cyclops is moderately wounded.
You hit the cyclops. You freeze the cyclops.
The cyclops is heavily wounded.
The cyclops hits you but does no damage.
You slash the cyclops! You freeze the cyclops.
The cyclops is severely wounded.
The cyclops hits you!
You hit the cyclops but do no damage. You headbutt the cyclops.
The cyclops is severely wounded.
The cyclops barely misses you. You furiously retaliate!
You headbutt the cyclops!
You kill the cyclops!
Okawaru accepts your kill.
Your Long Blades skill increases to level 3!
The gargoyle hurls a stone arrow at you.
You block the stone arrow.
The gargoyle hurls a stone arrow at you.
The stone arrow hits you!
Items here: ( )) [ ††.
You hit the gargoyle but do no damage. Your headbutt misses the gargoyle.
The gargoyle hurls a stone arrow at you.
You block the stone arrow.
The gargoyle hits you but does no damage.
You hit the gargoyle. You freeze the gargoyle.
You headbutt the gargoyle, but do no damage.
The gargoyle is lightly damaged.
The gargoyle hits you but does no damage.
You hit the gargoyle. You freeze the gargoyle. You headbutt the gargoyle!
The gargoyle is heavily damaged.
The gargoyle hurls a stone arrow at you.
The stone arrow hits you!!
* * * LOW HITPOINT WARNING * * *
Okay, then.
The gargoyle hurls a stone arrow at you.
The stone arrow hits you!!
You die...

###### ##..###.##
###.....###.
##.....####..######
#######..........##
#..........#....##
#..#######.########
#.................#
##..####.....####.#
##.#..##...##.(#.#
######
#.#...##@##...#.#
.....##
#.##..)#[#TD.##.#
####..#
#..##.)#9#'9##..#
##.###...###.D.###...##
##.##......).8........#
#.###....###...###....#
#.# #...##.'#.#'.##...#
#.###..##.T.#.#...##..#
#
#......#...##.##...#..#


You could see an acid dragon and a gargoyle.

Vanquished Creatures
  A boulder beetle (D:12)
  A centaur warrior (D:12)
  3 two-headed ogres (D:12)
  An orc knight (D:12)
  An ugly thing (D:12)
  3 cyclopes (D:12)
  A komodo dragon (D:12)
  A queen bee (D:10)
  7 trolls
  A troll (shapeshifter) (D:12)
  Sigmund (D:6)
  8 slime creatures
  A shadow (D:12)
  A wraith (D:10)
  Eustachio (D:4)
  A vampire (D:11)
  A basilisk (D:12)
  Menkaure (D:4)
  9 vampire mosquitoes (D:12)
  4 acid dragons
  A water moccasin (D:8)
  6 orc warriors
  A sky beast (D:8)
  2 black bears
  2 ogres
  11 centaurs
  A phantom (D:6)
  2 kobold brigands
  A bullfrog (D:8)
  3 scorpions
  26 killer bees
  A gnoll bouda (D:7)
  3 orc priests
  4 hounds
  4 jellies
  3 sleepcaps
  2 iguanas
  Natasha (twice) (D:2)
  5 orc wizards
  10 gnolls
  9 adders
  A white imp (D:6)
  An ufetubus (D:6)
  5 worms
  3 dart slugs
  29 orcs
  11 bats
  6 endoplasms
  9 giant cockroaches
  4 goblins
  5 hobgoblins
  2 jackals (D:3)
  2 quokkas (D:1)
  6 ball pythons
  3 frilled lizards
  26 kobolds
  8 rats
268 creatures vanquished.

Notes
Turn   | Place    | Note
-------+----------+-------------------------------------------
     0 | D:1      | Elmgren the Minotaur Fighter began the quest for the Orb.
     0 | D:1      | Reached XP level 1. HP: 19/19 MP: 0/0
   215 | D:1      | Reached XP level 2. HP: 27/27 MP: 1/1
   443 | D:1      | Reached XP level 3. HP: 33/33 MP: 2/2
  1139 | D:2      | Noticed Natasha
  1160 | D:2      | Killed Natasha
  1161 | D:2      | Reached XP level 4. HP: 8/41 MP: 3/3
  1784 | D:2      | Noticed Natasha
  1792 | D:2      | Killed Natasha
  1960 | D:3      | Reached XP level 5. HP: 47/47 MP: 4/4
  2129 | D:3      | Reached skill level 5 in Fighting
  2178 | D:3      | Reached skill level 5 in Shields
  2182 | D:3      | Reached skill level 5 in Armour
  2302 | D:3      | Reached XP level 6. HP: 50/56 MP: 5/5
  2788 | D:4      | Found a staircase to the Ecumenical Temple.
  2813 | Temple   | Entered the Ecumenical Temple
  2928 | Temple   | Became a worshipper of Warmaster Okawaru
  2952 | D:4      | Noticed Menkaure
  2974 | D:4      | Killed Menkaure
  2975 | D:4      | Reached XP level 7. HP: 23/62 MP: 6/6
  3202 | D:4      | Reached skill level 5 in Maces & Flails
  3471 | D:4      | Noticed Eustachio
  3506 | D:4      | Killed Eustachio
  3506 | D:4      | Reached * piety under Okawaru
  3683 | D:4      | Found a runed translucent door.
  3684 | D:4      | Noticed Crazy Yiuf
  4080 | D:5      | Entered Level 5 of the Dungeon
  4134 | D:5      | Reached XP level 8. HP: 60/71 MP: 3/7
  5126 | D:5      | Found Biepye's Armour Shop.
  5352 | D:6      | Noticed Sigmund
  5576 | D:6      | Killed Sigmund
  5576 | D:6      | Reached ** piety under Okawaru
  7197 | D:7      | Reached XP level 9. HP: 45/81 MP: 8/8
  8426 | D:8      | You fall into a shaft and drop 2 floors!
  8426 | D:10     | Entered Level 10 of the Dungeon
  8449 | D:10     | Noticed a troll
  8456 | D:10     | Killed a troll
  8615 | D:10     | Found a staircase to the Orcish Mines.
  8615 | D:10     | Noticed a troll
  8619 | D:10     | Killed a troll
  8856 | D:10     | Reached *** piety under Okawaru
  8930 | D:10     | Noticed a queen bee
  8946 | D:10     | Killed a queen bee
  8952 | D:10     | Reached XP level 10. HP: 42/91 MP: 5/9
  9299 | D:10     | Found a blossoming altar of Fedhas.
  9849 | D:11     | Reached skill level 10 in Fighting
  9852 | D:11     | Reached skill level 10 in Armour
  9852 | D:11     | Reached skill level 10 in Shields
  9864 | D:11     | Reached **** piety under Okawaru
 10503 | D:11     | Reached skill level 10 in Maces & Flails
 11026 | D:12     | Noticed an orc knight
 11056 | D:12     | Killed an orc knight
 11061 | D:12     | Reached XP level 11. HP: 31/101 MP: 4/10
 12054 | D:12     | Noticed a two-headed ogre
 12063 | D:12     | Noticed a cyan ugly thing
 12066 | D:12     | Reached ***** piety under Okawaru
 12076 | D:12     | Killed a two-headed ogre
 12089 | D:12     | Killed a cyan ugly thing
 12242 | D:12     | Noticed a centaur warrior
 12258 | D:12     | Killed a centaur warrior
 12646 | D:12     | Noticed a boulder beetle
 12690 | D:12     | Killed a boulder beetle
 12768 | D:12     | Noticed a two-headed ogre
 12778 | D:12     | Killed a two-headed ogre
 12778 | D:12     | Identified the +7 falchion of Rubbish {freeze, rPois MP+9
                  | Dex+4} (Okawaru gifted it to you on level 12 of the
                  | Dungeon)
 12778 | D:12     | Received a gift from Okawaru
 12855 | D:12     | Noticed a two-headed ogre
 12865 | D:12     | Reached skill level 1 in Long Blades
 12871 | D:12     | Killed a two-headed ogre
 12886 | D:12     | Reached XP level 12. HP: 69/112 MP: 11/11
 12897 | D:12     | Killed from afar by a gargoyle

Illustrated notes

Levels and vault maps discovered:
D:1:      elethiomel_arrival_maze, layout_basic, st_stairs_2,
          minmay_worlds_worst_comb
D:2:      layout_loops_corners, uniq_natasha
D:3:      layout_basic
D:4:      layout_basic, minmay_temple_entry_large_hall, uniq_menkaure,
          uniq_eustachio, uniq_crazy_yiuf_cottage
D:5:      layout_cave_pools, serial_shops, shop
D:6:      layout_basic, corexii_leaking_fountain, uniq_sigmund
D:7:      layout_basic
D:8:      layout_loops_ring, hellmonk_bongcloud_opening, nrook_pool_corridor
D:10:     layout_roguey, fedhas_ov_isle_minmay, minmay_orc_entry_temple_small,
          special_room [special_room_bee]
D:11:     layout_basic
D:12:     cheibrodos_barr_body, layout_layer_cave, special_room
          [special_room_orc]
Temple:   dshaligram_water_room_temple

Skill      XL: |  1  2  3  4  5  6  7  8  9 10 11 12 |
---------------+-------------------------------------+-----
Fighting       | 4 5 6 8 9 10 12 | 12.3
Shields        | 4 5 6 7 9 10 12 | 12.3
Armour         | 4 5 6 7 9 10 12 | 12.3
Maces & Flails | 3 4 6 7 9 10 11 | 11.7
Long Blades    | 2 3 |  3.2

Action                     |  1- 3 |  4- 6 |  7- 9 | 10-12 || total
---------------------------+-------+-------+-------+-------++-------
  Melee: Flail             |    90 |   128 |   298 |   338 ||   854
         Headbutt          |    12 |    19 |    56 |   106 ||   193
         Falchion          |       |       |       |    34 ||    34
 Invoke: Heroism           |       |       |     8 |     5 ||    13
         Finesse           |       |       |       |     3 ||     3
    Use: Scroll            |       |       |    14 |     5 ||    19
         Potion            |       |       |     1 |     7 ||     8
 Armour: Scale mail        |    30 |       |       |       ||    30
         Chain mail        |    20 |    76 |   176 |   192 ||   464
  Dodge: Dodged            |    47 |    45 |   135 |   148 ||   375
  Block: Buckler           |    24 |    34 |    95 |   127 ||   280

Table legend: (Time is in decaauts)
 A = Elapsed time spent in this place.
 B = Non-inter-level travel time spent in this place.
 C = Inter-level travel time spent in this place.
 D = Time resting spent in this place.
 E = Time spent auto-exploring this place.
 F = Levels seen in this place.
 G = Mean time per level.
                   A        B        C        D        E       F      G
               +--------+--------+--------+--------+--------+-----+--------+
         Total |  12910 |  12591 |    319 |   1855 |   8690 |  12 | 1075.8 |
       Dungeon |  12778 |  12509 |    269 |   1855 |   8620 |  11 | 1161.6 |
        Temple |    131 |     81 |     50 |      0 |     70 |   1 |  131.0 |
               +--------+--------+--------+--------+--------+-----+--------+

Top non-repeatable levels by time:
    D:12: 1973 daAuts
     D:6: 1435 daAuts
     D:5: 1409 daAuts
    D:11: 1363 daAuts
     D:4: 1175 daAuts
    D:10: 1079 daAuts
     D:2: 1062 daAuts
     D:3: 937 daAuts
     D:1: 835 daAuts
     D:7: 799 daAuts
     D:8: 706 daAuts
  Temple: 131 daAuts
